 Dungeon Crawl Stone Soup version 0.30-b1-2-g02819fbbbe (webtiles) character file.

Game seed: 13387395934900178422

107 MajorAdolf the Charlatan (level 4, -2/38 HPs)
             Began as a Naga Wanderer on Sept 15, 2023.
             Slain by a sky beast (6 damage)
             ... in a sewer.
             The game lasted 00:04:57 (2116 turns).

MajorAdolf the Charlatan (Naga Wanderer)            Turns: 2116, Time: 00:04:57

Health: -2/38      AC:  3    Str: 14    XL:     4   Next: 85%
Magic:  4/4        EV:  5    Int:  8    God:
Gold:   142        SH: 12    Dex: 17    Spells: 3/3 levels left

rFire   . . .        o - +0 hand axe
rCold   . . .        p - +0 tower shield
rNeg    . . .        g - +0 robe
rPois   +            h - +1 hat
rElec   .            (no cloak)
rCorr   .            (no gloves)
SInv    +            (no barding)
Will    .....        (no amulet)
Stlth   ++           (no ring)
HPRegen 0.26/turn    (no ring)
MPRegen 0.09/turn

%: no passive effects
@: very slow
A: AC +1, large, see invisible, deformed body, poison resistance, slowness 2,
spit poison 1, naga tail 1
a: Spit Poison


You were in a sewer.
You visited 1 branch of the dungeon, and saw 3 of its levels.
You also visited: Sewer.

You collected 142 gold pieces.

Inventory:

Hand Weapons
 a - a +0 trident
 b - a +0 short sword
 o - a +0 hand axe (weapon)
Armour
 g - a +0 robe (worn)
 h - a +1 hat (worn)
 p - a +0 tower shield (worn)
Jewellery
 j - a +5 ring of evasion
Wands
 c - a wand of polymorph (5) (quivered)
Scrolls
 d - a scroll of teleportation
 e - a scroll of identify {unknown}
 f - a scroll of magic mapping {unknown}
 k - a scroll of enchant weapon {unknown}
 n - a scroll of fog {unknown}


   Skills:
 - Level 1.0 Fighting
 - Level 3.0 Short Blades
 + Level 1.6(2.5) Axes
 - Level 3.0(3.2) Polearms
 - Level 1.0 Dodging
 + Level 0.6 Shields
 - Level 4.3 Evocations


You had 3 spell levels left.
You didn't know any spells.
Your spell library was empty.

Dungeon Overview and Level Annotations

Branches:
Dungeon (3/15)              Sewer (1/1)

Altars:

Shops:
D:2 =

Annotations:
Sewer exclusion: water moccasin


Innate Abilities, Weirdness & Mutations

Your serpentine skin is tough. (AC +1)
You have supernaturally acute eyesight. (SInv)
Armour fits poorly on your strangely shaped body.
Your system is resistant to poisons. (rPois)
You cover ground very slowly.
You can spit poison.
You have a snake-like lower body.


Message History

The water moccasin bites you but does no damage.
It was a potion of heal wounds.
You feel much better. The water moccasin bites you.
Unknown command.
Aiming: Polymorph
Press: ? - help, Shift-Dir - straight line, f/p - water moccasin
Aim: a water moccasin (lightly wounded, will become a sky beast, a killer bee, or a wyvern, chance to affect: 60%)
The water moccasin evaporates and reforms as a sky beast!
The sky beast barely misses you.
Unknown command.
You closely miss the sky beast.
The sky beast hits you but does no damage.
You closely miss the sky beast. You block the sky beast's attack. x2
You hit the sky beast but do no damage.
The sky beast hits you but does no damage.
The sky beast hits you. The sky beast shocks you.
You miss the sky beast. You block the sky beast's attack.
You hit the sky beast.
The sky beast is lightly wounded.
The sky beast hits you. The sky beast shocks you.
* * * LOW HITPOINT WARNING * * *
The sky beast flickers out of sight for a moment.
You block the sky beast's attack.
Aiming: Spit Poison (1% risk of failure)
Press: ? - help, Shift-Dir - straight line, f/p - sky beast
Aim: a sky beast (slightly transparent, 45% to hit)
The splash of poison misses the sky beast.
You block the sky beast's attack.
Unknown command.
You barely miss the sky beast. The sky beast hits you.
* * * LOW HITPOINT WARNING * * *
The sky beast shocks you.
* * * LOW HITPOINT WARNING * * *
You block the sky beast's attack.
You barely miss the sky beast.
You have got your breath back.
The sky beast hits you.
* * * LOW HITPOINT WARNING * * *
The sky beast shocks you.
You die...

### #~# ##~# ########
##~## ###...@Y.###
#.~.#
###......~...###
..~.#
###....~####.....##.
..~.###.....###
###.~..~#
##~........## #.~.~..
.†~~###.~.~.###
###.~.~~## ..~.#
###.....####.~...##~!
..~.#
###..........### [
.#~## ###.~....###


You could see a sky beast (invisible).

Vanquished Creatures
  A gnoll (D:1)
  2 adders (D:2)
  A river rat (D:3)
  2 worms
  4 dart slugs
  An orc (D:3)
  5 endoplasms
  5 giant cockroaches
  3 goblins
  3 hobgoblins
  5 jackals
  2 quokkas (D:1)
  2 ball pythons (D:2)
  3 bats
  2 frilled lizards (D:1)
  5 kobolds
  9 rats
55 creatures vanquished.

Notes
Turn   | Place    | Note
-------+----------+-------------------------------------------
     0 | D:1      | MajorAdolf the Naga Wanderer began the quest for the Orb.
     0 | D:1      | MajorAdolf set off with the following items: a +0 trident,
                  | a +0 short sword, a wand of polymorph (6), a scroll of
                  | teleportation, a +0 leather armour.
     0 | D:1      | Reached XP level 1. HP: 18/18 MP: 1/1
    64 | D:1      | Reached XP level 2. HP: 3/25 MP: 2/2
   348 | D:1      | Reached skill level 3 in Evocations
   391 | D:1      | Reached XP level 3. HP: 31/31 MP: 3/3
   557 | D:1      | Found a faded altar of an unknown god.
  1183 | D:2      | Reached skill level 4 in Evocations
  1187 | D:2      | Reached XP level 4. HP: 36/38 MP: 4/4
  1633 | D:2      | Found Inathroc's Jewellery Boutique.
  1686 | D:3      | Reached skill level 1 in Axes
  1855 | D:3      | Found a glowing drain.
  1864 | Sewer    | Entered a sewer
  2022 | Sewer    | Noticed a water moccasin
  2108 | Sewer    | a water moccasin changed into a sky beast
  2108 | Sewer    | Noticed a sky beast
  2116 | Sewer    | Slain by a sky beast

Illustrated notes

Levels and vault maps discovered:
D:1:      minmay_arrival_doors, layout_loops_cross, basic_ecumenical_altar,
          minivault_4, grunt_decor_junction
D:2:      layout_basic, serial_shops, nicolae_shop_gaudy_bauble,
          kennysheep_generic_room_8
D:3:      layout_loops_ring, portal_sewer_entry_e
Sewer:    sewer_the_moccasin

Skill      XL: |  1  2  3  4 |
---------------+-------------+-----
Evocations     | 3 4 |  4.3
Axes           | 1 |  1.6
Fighting       | |  1.0
Short Blades   | |  3.0
Polearms       | |  3.0
Dodging        | |  1.0
Shields        | |  0.6

Action                     |  1- 3 |  4- 6 || total
---------------------------+-------+-------++-------
  Melee: Trident           |    85 |    18 ||   103
         Hand axe          |       |    85 ||    85
Ability: Spit Poison       |     9 |    12 ||    21
  Evoke: Wand              |       |     1 ||     1
    Use: Potion            |       |     5 ||     5
   Stab: Sleeping          |     5 |     3 ||     8
 Armour: Leather armour    |     2 |       ||     2
         Robe              |    21 |    23 ||    44
  Dodge: Dodged            |    33 |    37 ||    70
  Block: Tower shield      |       |    29 ||    29
